 Dungeon Crawl Stone Soup version 0.13-a0-2174-g3a0f4b0 (webtiles) character file.

165 Kae the Chiller (level 4, 0/24 HPs)
             Began as a Deep Elf Ice Elementalist on July 1, 2013.
             Slain by an orc
             ... wielding a -1,+0 orcish hammer
              (8 damage)
             ... on Level 3 of the Dungeon.
             The game lasted 00:02:54 (1816 turns).

Kae the Chiller (Deep Elf Ice Elementalist)         Turns: 1816, Time: 00:02:54

HP   0/24        AC  3     Str  6      XL: 4   Next:  2%
MP   1/12        EV 13     Int 20      God:
Gold 96          SH  0     Dex 15      Spells:  2 memorised,  5 levels left

Res.Fire  : . . .   See Invis. : .   (no weapon)
Res.Cold  : . . .   Warding    : .   a - +0 elf robe
Life Prot.: . . .   Conserve   : .   (no shield)
Res.Poison: .       Res.Corr.  : .   (no helmet)
Res.Elec. : .       Clarity    : .   (no cloak)
Sust.Abil.: . .     Spirit.Shd : .   (no gloves)
Res.Mut.  : .       Stasis     : .   f - +0 pair of boots
Res.Rott. : .       Flight     : .   (no amulet)
Saprovore : . . .                    (no ring)
                                     (no ring)

@: slightly resistant to hostile enchantments, fairly stealthy
A: no striking features
a: no special abilities


You were on level 3 of the Dungeon.
You were not hungry.

You visited 1 branch of the dungeon, and saw 3 of its levels.

You collected 76 gold pieces.

Inventory:

Armour
 a - a +0 elven robe (worn)
 f - a +0 pair of boots (worn)
Comestibles
 c - 3 bread rations
 g - 15 sultanas
 l - a meat ration
 n - 2 chokos
 s - a pear
 u - a cheese
Scrolls
 e - a scroll of teleportation {unknown}
 h - 2 scrolls of remove curse {unknown}
 i - 4 scrolls of identify {unknown}
 j - 2 scrolls of noise {unknown}
 m - a scroll of curse jewellery {unknown}
 q - a scroll of fog {unknown}
 t - a scroll of blinking {unknown}
Jewellery
 o - a cursed ring of hunger {unknown}
Potions
 d - a potion of degeneration {unknown}
 k - a potion of mutation {unknown}
 p - 2 potions of restore abilities {unknown}
 r - 2 potions of curing {unknown}
Books
 b - a book of Frost

   Spells                             Type                      Level
   *Freeze                            Ice                          1
   *Throw Frost                       Conjuration/Ice              2
   Ozocubu's Armour                   Charms/Ice                   3
   Throw Icicle                       Conjuration/Ice              4
   Summon Ice Beast                   Ice/Summoning                4
   Condensation Shield                Ice                          4


   Skills:
 - Level 2.4 Dodging
 - Level 2.4 Stealth
 + Level 2.6 Spellcasting
 * Level 2.1 Conjurations
 * Level 4.6 Ice Magic


You had 5 spell levels left.
You knew the following spells:

 Your Spells              Type           Power        Failure   Level  Hunger
a - Freeze                Ice            ###.         2%          1    None
b - Throw Frost           Conj/Ice       ###...       6%          2    ##.....


Dungeon Overview and Level Annotations

Branches:
Dungeon (3/27)

Altars:
Ashenzari


Message History

The orc is severely wounded.
The orc hits you but does no damage.
Casting: Freeze
Confirm with . or Enter, or press ? or * to list all spells.
Aiming: Freeze
Press: ? - help, Shift-Dir - straight line, f/p - orc
Aim: an orc, wielding an orcish dagger and wearing an orcish leather armour (severely wounded)
You freeze the orc.
You kill the orc!
You have reached level 4!
You feel clever.
Casting: Freeze
Confirm with . or Enter, or press ? or * to list all spells.
Aiming: Freeze
Press: ? - help, Shift-Dir - straight line, f - orc
Aim: an orc, wielding an orcish hammer You freeze the orc.
The orc is moderately wounded.
The orc hits you with an orcish hammer!
You die...

#.##########.###.b
##.#....>.@o....#..#
#.......#####......#
#.......# ##.#..
#.......#### #....
#..........# #..#
#.......##.###..#####.#
#..>..).##.............#
#.......######..#####..
####.#########..#


You could see an orc.

Vanquished Creatures
  An adder (D:2)
  2 giant geckos (D:2)
  4 orcs (D:3)
  5 giant cockroaches
  4 goblins
  2 hobgoblins
  7 jackals
  2 quokkas (D:2)
  A ball python (D:3)
  9 bats
  6 giant newts
  6 kobolds
  4 rats
53 creatures vanquished.

Notes
Turn   | Place    | Note
--------------------------------------------------------------
     0 | D:1      | Kae, the Deep Elf Ice Elementalist, began the quest for the Orb.
     0 | D:1      | Reached XP level 1. HP: 10/10 MP: 4/4
   174 | D:1      | Reached XP level 2. HP: 4/15 MP: 1/7
   247 | D:1      | Learned a level 2 spell: Throw Frost
   922 | D:2      | Reached skill level 4 in Ice Magic
   990 | D:2      | Reached XP level 3. HP: 17/19 MP: 3/9
  1195 | D:2      | Found a shattered altar of Ashenzari.
  1815 | D:3      | Reached XP level 4. HP: 8/24 MP: 2/12
  1816 | D:3      | Slain by an orc

Action                   |  1- 3 |  4- 6 || total
-------------------------+-------+-------++-------
Melee: Unarmed           |    28 |       ||    28
 Cast: Freeze            |    79 |     2 ||    81
 Stab: Sleeping          |     1 |       ||     1
